Map: Data-C

Players

Torkk

  • Race: Protoss Protoss
  • Spawn Location: 3:00

MCanning - Winner!

  • Race: Protoss Protoss
  • Spawn Location: 9:00

Event: DreamHack SC2 Masters 2022 Atlanta (Offline)

VOD

Have the link to the VOD?

Description

Time

  • Played on: Nov. 18, 2022, 10:33 a.m.
  • Length: 5:04

All games in this series

Show
View Real Time Build Order
Export as new Build Order

Torkk Protoss 

Build Orders: 1 Gate Expand, Dark Templar Rush 

Get SALT Encoding   

  12  0:00  Probe  
  13  0:12  Probe  
  14  0:19  Pylon  
  14  0:24  Probe  
  15  0:38  Probe (Chrono Boost)  
  15  0:42  Gateway  
  16  0:48  Probe (Chrono Boost), Assimilator  
  17  0:53  Probe (Chrono Boost)  
  19  1:04  Probe  
  19  1:16  Probe  
  20  1:32  Nexus  
  20  1:36  Pylon  
  20  1:43  Cybernetics Core  
  20  1:45  Probe  
  21  1:51  Assimilator  
  21  1:57  Probe  
  21  1:58  Pylon  
  22  2:09  Probe (Chrono Boost)  
  23  2:18  Stalker (Chrono Boost)  
  23  2:21  Probe (Chrono Boost)  
  26  2:26  Probe (Chrono Boost)  
  27  2:33  Warp Gate  
  27  2:36  Probe  
  28  2:43  Twilight Council, Pylon  
  28  2:46  Probe  
  28  2:48  Probe  
  30  3:00  Probe  
  31  3:19  Pylon  
  30  3:22  Stalker  
  29  3:35  Pylon  
  29  3:39  Probe  
  30  3:44  Dark Shrine  
  28  3:51  Probe  
  23  4:03  Probe (Chrono Boost)  
  24  4:11  Probe (Chrono Boost)  
  24  4:15  Probe (Chrono Boost)  
  26  4:21  Probe (Chrono Boost)  
  26  4:22  Probe (Chrono Boost)  
  23  4:34  Probe x2  
  25  4:46  Probe  
  25  4:51  Probe  
  25  4:57  Dark Templar  
Show
View Real Time Build Order
Export as new Build Order

MCanning Protoss - Winner!

Build Orders: Oracle Opening 

Get SALT Encoding   

  12  0:00  Probe  
  13  0:12  Probe  
  14  0:19  Pylon  
  14  0:24  Probe  
  15  0:37  Probe (Chrono Boost)  
  15  0:38  Gateway  
  16  0:48  Probe (Chrono Boost), Assimilator  
  17  0:53  Probe (Chrono Boost)  
  18  1:03  Probe  
  19  1:15  Probe (Chrono Boost)  
  19  1:16  Assimilator  
  19  1:17  Pylon  
  20  1:25  Probe (Chrono Boost)  
  21  1:29  Cybernetics Core  
  21  1:30  Probe (Chrono Boost)  
  22  1:37  Zealot  
  24  1:42  Probe  
  25  1:51  Pylon  
  26  1:54  Probe  
  26  2:05  Stargate  
  26  2:06  Adept (Chrono Boost), Probe  
  29  2:18  Warp Gate  
  29  2:37  Nexus  
  29  2:49  Oracle (Chrono Boost)  
  29  2:50  Probe  
  33  3:02  Probe  
  34  3:14  Probe  
  35  3:23  Oracle (Chrono Boost)  
  35  3:27  Probe  
  35  3:31  Gateway  
  35  3:39  Robotics Facility, Probe  
  36  3:51  Probe x2  
  36  3:55  Shield Battery  
  38  4:03  Probe x2  
  38  4:05  Pylon  
  38  4:09  Sentry, Forge  
  42  4:15  Probe x2  
  44  4:27  Observer (Chrono Boost), Probe x2  
  44  4:31  Pylon  
  47  4:35  Adept x2  
  51  4:39  Pylon  
  51  4:40  Assimilator  
  55  4:54  Photon Cannon  
Tags
 
Add a new tag
Caveats
  • Supply blocks, unpowered buildings, or Contaminate may cause inaccurate times.
  • Supply counts are checked every 10 seconds.